 Dungeon Crawl Stone Soup version 0.30-a0-1050-g2766ea1e55 (console) character file.

Game seed: 6734665858638423793

2216274 Banquo the Archmage (level 27, 224/224 HPs)
             Began as a Djinni Air Elementalist on Apr 10, 2023.
             Was the Champion of Dithmenos.
             Escaped with the Orb
             ... and 4 runes on Apr 13, 2023!
             The game lasted 10:04:55 (78566 turns).

Banquo the Archmage (Djinni Air Elementalist)      Turns: 78566, Time: 10:04:55

Health: 224/224    AC: 22    Str:  7    XL:     27
Gold:   3990       EV: 27    Int: 35    God:    Dithmenos [******] SH: 22 Dex: 26

rFire   + + +      SeeInvis +    a - staff of air "Fynweck" {rElec rPois rC+++ Int-4 Dex+4}
rCold   + + .      Faith    .    i - +5 kite shield {rF+}
rNeg    . . .      Spirit   .    d - +4 troll leather armour {Snorg}
rPois   ∞          Reflect  .    h - +2 helmet
rElec   +          Rampage  .    e - +1 cloak of Ireenuf {+Inv rElec Dex+5}
rCorr   .                        g - +2 pair of gloves {infuse}
Will    ++...                    (boots unavailable)
Stlth   ++                       P - amulet of Quhos Voown {Regen+ Dex+3}
HPRegen 2.17/turn                I - ring of Cukaluck {MP+9 Int+8}
MPRegen 0.00/turn                S - ring of see invisible

@: flying, wreathed by umbra
A: sickness immunity, fire resistance 2, cold vulnerability 1, float, innate
caster, HP casting, extra vitality 1
0: Orb of Zot
}: 4/15 runes: serpentine, barnacled, slimy, silver
a: Renounce Religion, Evoke Invisibility, Shadow Step, Shadow Form


You escaped.
You worshipped Dithmenos.
Dithmenos was exalted by your worship.
You visited 12 branches of the dungeon, and saw 56 of its levels.
You visited 2 bazaars.
You also visited: Ossuary, Gauntlet, Ice Cave and Wizlab.

You collected 8568 gold pieces.
You spent 4578 gold pieces at shops.

Inventory:

Hand Weapons
 b - the +6 mace "Ytaw" {holy, Fly rElec Dex-5 Stlth+}
   (You found it on level 5 of the Vaults)

   Dex:       It affects your dexterity (-5).
   rElec:     It insulates you from electricity.
   Fly:       It grants you flight.
   Stlth:     It makes you more stealthy.
 c - the +8 whip "Snakebite" {venom, curare, rPois}
   (You found it on level 3 of the Lair of Beasts)

   rPois:     It protects you from poison.
 y - the +11 morningstar "Giantslayer" {heavy, rF+ rN+ Will++ Str-2}
   (You bought it in a shop on level 2 of the Orcish Mines)

   Str:       It affects your strength (-2).
   rF:        It protects you from fire.
   rN:        It protects you from negative energy.
   Will:      It greatly increases your willpower.
 C - the +10 morningstar "Eos" {elec, Halo rElec}
   (You took it off an ironbound convoker on level 5 of the Vaults)

   Halo:      It grants its wielder a halo, revealing invisible creatures and
   increasing accuracy against all within it other than the wielder.
   rElec:     It insulates you from electricity.
Armour
 d - a +4 troll leather armour (worn) {Snorg}
 e - the +1 cloak of Ireenuf (worn) {+Inv rElec Dex+5}
   (You found it on level 3 of the Depths)

   Dex:       It affects your dexterity (+5).
   rElec:     It insulates you from electricity.
   +Inv:      It lets you turn invisible.
 g - a +2 pair of gloves of infusion (worn)
 h - a +2 helmet (worn)
 i - a +5 kite shield of fire resistance (worn)
 j - a +0 kite shield of reflection
Magical Staves
 a - the staff of air "Fynweck" (weapon) {rElec rPois rC+++ Int-4 Dex+4}
   (You found it on level 2 of the Lair of Beasts)

   [staff of air]

   Your inability to study Air Magic prevents you from drawing on the full power
   of this staff in melee.
   Base accuracy: +5 Base damage: 5 Base attack delay: 1.2 This weapon's minimum
   attack delay (0.6) is reached at skill level 12.
   Int:       It affects your intelligence (-4).
   Dex:       It affects your dexterity (+4).
   rC:        It renders you almost immune to cold.
   rElec:     It insulates you from electricity.
   rPois:     It protects you from poison.
   It falls into the 'Staves' category.
   It is a one-handed weapon.
 U - the staff of air "Lupnyul" {rElec rF+ Will+}
   (You found it on level 4 of the Realm of Zot)

   [staff of air]

   Your inability to study Air Magic prevents you from drawing on the full power
   of this staff in melee.
   Base accuracy: +5 Base damage: 5 Base attack delay: 1.2 This weapon's minimum
   attack delay (0.6) is reached at skill level 12.
   rF:        It protects you from fire.
   rElec:     It insulates you from electricity.
   Will:      It increases your willpower.
   It falls into the 'Staves' category.
   It is a one-handed weapon.
Jewellery
 n - a ring of willpower
 q - the ring of the Cast Vote {rElec rC+ Will+++ Int-4 Dex-4}
   (You found it on level 1 of the Realm of Zot)

   [ring of protection from cold]

   Int:       It affects your intelligence (-4).
   Dex:       It affects your dexterity (-4).
   rC:        It protects you from cold.
   rElec:     It insulates you from electricity.
   Will:      It greatly increases your willpower.
 F - a ring of the Octopus King {rN+ HP+2 AC+2 EV+2 SH+2}
   (You bought it in a shop in a bazaar)

   [ring of positive energy]

   AC:        It affects your AC (+2).
   EV:        It affects your evasion (+2).
   rN:        It protects you from negative energy.
   HP:        It affects your health (+2).
   SH:        It affects your SH (+2).
 I - the ring of Cukaluck (left hand) {MP+9 Int+8}
   (You found it in a Gauntlet)

   [ring of magical power]

   Int:       It affects your intelligence (+8).
   MP:        It affects your magic capacity (+9).
 P - the amulet of Quhos Voown (around neck) {Regen+ Dex+3}
   (You bought it in a shop on level 1 of the Depths)

   [amulet of regeneration]

   Dex:       It affects your dexterity (+3).
   Regen:     It increases your rate of health regeneration.
 S - a ring of see invisible (right hand)
 V - the ring "Gablauh" {rF+ rC+}
   (You took it off a draconian knight on level 4 of the Realm of Zot)

   [ring of protection from cold]

   rF:        It protects you from fire.
   rC:        It protects you from cold.
 X - the ring "Helus" {rCorr MP+9 Stlth+}
   (You found it on level 3 of the Elven Halls)

   [ring of resist corrosion]

   MP:        It affects your magic capacity (+9).
   rCorr:     It protects you from acid and corrosion.
   Stlth:     It makes you more stealthy.
Wands
 D - a wand of digging (28)
 G - a wand of mindburst (28)
 J - a wand of acid (31)
 K - a wand of roots (56)
Scrolls
 m - 6 scrolls of magic mapping
 o - 11 scrolls of fog
 s - 18 scrolls of noise
 t - 10 scrolls of poison
 u - a scroll of enchant armour
 w - 3 scrolls of silence
 z - 16 scrolls of blinking
 H - 6 scrolls of butterflies
 W - 32 scrolls of teleportation
 Y - 9 scrolls of fear
Potions
 f - 14 potions of might
 l - 10 potions of ambrosia
 p - 39 potions of curing
 r - 11 potions of heal wounds
 x - 7 potions of haste
 A - 20 potions of mutation
 B - 3 potions of cancellation
 E - 7 potions of brilliance
 M - 5 potions of invisibility
 N - 2 potions of berserk rage
 O - 6 potions of resistance
Miscellaneous
 k - a box of beasts
 v - a lightning rod (4/4)
 L - a phantom mirror


   Skills:
 - Level 26.0 Fighting
 - Level 10.0 Maces & Flails
 - Level 19.0 Armour
 - Level 18.0 Dodging
 - Level 1.5 Stealth
 * Level 17.3 Shields
 O Level 27 Spellcasting
 - Level 10.0 Invocations


You knew the following spells:

 Your Spells              Type           Power      Damage    Failure   Level
a - Airstrike             Air            75%        2d(11-27) 0%          4
b - Ensorcelled Hibernat  Hex/Ice        100%       N/A       0%          2
c - Freezing Cloud        Conj/Ice/Air   75%        6-21      0%          5
d - Dragon's Call         Summ           62%        N/A       1%          9
e - Iron Shot             Conj/Erth      62%        9d12      0%          6
f - Static Discharge      Conj/Air       100%       2-7/arc   0%          2
g - Shock                 Conj/Air       100%       1d9       0%          1
h - Summon Hydra          Summ           62%        N/A       0%          7
i - Irradiate             Conj/Tmut      62%        3d32      0%          5
l - Chain Lightning       Conj/Air       75%        3d100     1%          9
m - Summon Small Mammal   Summ           100%       N/A       0%          1
o - Orb of Destruction    Conj           62%        9d15      0%          7
p - Fulminant Prism       Conj/Hex       62%        3d26      0%          4
r - Ozocubu's Refrigerat  Ice            62%        4d21      0%          7
v - Volatile Blastmotes   Fire/Tloc      100%       2d18      0%          3
z - Plasma Beam           Fire/Air       75%        2x1d101   0%          6
M - Swiftness             Air            100%       N/A       0%          3
Your spell library was empty.

Dungeon Overview and Level Annotations

Branches:
Dungeon (15/15)            Temple (1/1) D:5            Lair (5/5) D:11
 Shoals (4/4) Lair:2        Snake (4/4) Lair:3        Slime (5/5) Lair:5
    Orc (2/2) D:10            Elf (3/3) Orc:2        Vaults (5/5) D:13
  Crypt (3/3) Vaults:2       Tomb (0/3) Crypt:3      Depths (4/4) D:15
    Zot (5/5) Depths:4    Ossuary (visited)           IceCv (visited)
 WizLab (visited)         Gauntlet (visited)

Altars:
Ashenzari
Cheibriados
Dithmenos
Elyvilon
Fedhas
Gozag
Hepliaklqana
Makhleb
Nemelex Xobeh
Okawaru
Qazlal
Ru
Trog
Uskayaw
Wu Jian
Xom
Yredelemnul
Zin
The Shining One
Jiyva

Shops:
D:4 **   D:8 !   D:12 :   Orc:2 ?[(=(:(   Elf:2 (   Elf:3 :   Snake:1 (?
Depths:1 *=

Portals:
Hell: Depths:1 Depths:2 Depths:3 Depths:4
Abyss: Depths:2 Depths:3
Pandemonium: Depths:1 Depths:2
Ziggurat: Depths:2
Trove: D:10 (show abyssal rune of Zot)

Annotations:
Snake:1 6 transporters
Elf:2 3 runed translucent doors


Innate Abilities, Weirdness & Mutations

You are immune to sickness and miasma.
You are immune to poison.
Your flesh is very heat resistant. (rF++)
You are vulnerable to cold. (rC-)
You float through the air rather than walking.
You learn spells naturally, not from books.
Your magical power is your life essence.
You have superior vitality. (+4 MHP)


Message History

You fly upwards.
There is a stone staircase leading down here.
HP restored.
Things that are here:
4 stones; a +0 dagger
There is a stone staircase leading up here.
You fly upwards.
There is a stone staircase leading down here.
A hellephant comes into view.
Casting: Chain Lightning (dangerous; 1% risk of failure)
Confirm with . or Enter, or press ? or * to list all spells.
You feel a surge of power! Lightning arcs from your hands!
The bolt of lightning hits the hellephant!!!!
The hellephant is heavily wounded.
Unknown command.
Casting: Chain Lightning (dangerous; 1% risk of failure)
Confirm with . or Enter, or press ? or * to list all spells.
You feel a surge of power! Lightning arcs from your hands!
The bolt of lightning hits the hellephant!!!!
You kill the hellephant!
Dithmenos accepts your kill.
Unknown command.
(D) Dungeon (T) Temple (L) Lair (A) Shoals (P) Snake Pit (M) Slime Pits (O) Orcish Mines (E) Elven Halls (V) Vaults (C) Crypt (W) Tomb (U) Depths (H) Hell (Z) Zot
Where to? (* - list waypoints, Enter - D:1, ? - help)
There is a stone staircase leading up here.
You fly upwards.
HP restored.
There is a stone staircase leading down here.
Aiming: Dig
Press: ? - help, Shift-Dir - straight line A rock wall.
This square is wreathed by an umbra and is covered in magical glow.
The rock shatters into small pieces.
There is a staircase leading out of the dungeon here.
There is a staircase leading out of the dungeon here.
Unknown command.
Enter note: Woot!
Dithmenos You have escaped!

#.# #.##.##.## ###....... #.#
#.##.##..## ##..>###### #.#
#######.##.##..)###.###.# #.#
#.............#.....# #.# #.#
#.##.#####.##.[>###.###.# #.#
#.##......####.######..######
#.#
#.##.######...'....♣#........
#.# #.##.# #...####'###.######
#.# #.##.# #.@.#♣♣♣.♣ #.#
..###.##÷#####....#♣..♣♣##.#####
....(.........#...#.♣♣♣ #......#
........[....######'#####......#
.###.###.###..#.........##.###.#
.# #.# #.#
#.##......§..##.###.## .# #.#
#.# #.##.........##.##...# .#
#.# #.###.##~.......≈##(##.#..
.###.#
#......#~.~...≈.≈#..##...#


There were no monsters in sight!

Vanquished Creatures
  the Royal Jelly (Slime:5)
  4 dread liches
  4 orbs of fire (Zot:5)
  3 ancient liches
  Mara (Snake:3)
  Vv (Zot:2)
  Josephina (Zot:3)
  Bai Suzhen (Crypt:1)
  10 Killer Klowns (Zot:5)
  The ghost of Wed Dyk the Axe Maniac, a veteran MiBe of Trog (Crypt:3)
  Parghit (Depths:4)
  The ghost of Yhipuh the Earth Mage, a veteran GrEE of Ashenzari (Crypt:1)
  6 curse toes
  12 golden dragons
  Jory (Depths:1)
  Nikola (Shoals:1)
  The ghost of Neirri the Fetichist, a veteran DrHW of Gozag (Crypt:3)
  A hellephant (D:2)
  A Tzitzimitl (Depths:4)
  6 electric golems
  3 doom hounds (Zot:3)
  15 tentacled monstrosities
  3 liches
  Rupert (D:15)
  4 deep elf master archers (Elf:3)
  2 walking frostbound tomes (Depths:3)
  22 Orb Guardians (Zot:5)
  9 quicksilver dragons
  Grunn (Zot:3)
  2 deep elf blademasters (Elf:3)
  8 titans
  5 krakens
  Polyphemus (Shoals:2)
  Frances (D:14)
  9 acid blobs
  5 death cobs
  5 sphinxes
  9 ancient champions
  Donald (Shoals:2)
  25 storm dragons
  Roxanne (D:14)
  7 shadow dragons
  4 draconian monks
  13 azure jellies
  5 nagarajas
  4 tengu reavers
  5 revenants
  6 rockslimes
  11 fire giants
  A fenstrider witch (shapeshifter) (Vaults:5)
  11 frost giants
  An iron dragon (Vaults:5)
  Ilsuiw (Shoals:2)
  7 draconian knights
  5 ghost moths
  13 ghouls
  7 draconian shifters
  23 vault wardens
  2 deep elf sorcerers (Elf:3)
  10 draconian scorchers
  2 draconian stormcallers (Zot:4)
  3 curse skulls
  A balrug (Depths:1)
  18 ironbound preservers
  4 orc warlords
  A juggernaut zombie (Crypt:3)
  8 draconian annihilators
  4 war gargoyles
  A spriggan defender (Depths:3)
  5 quicksilver oozes
  8 deep elf elementalists (Elf:3)
  A juggernaut skeleton (Crypt:3)
  4 ironbound thunderhulks
  29 very ugly things
  3 reapers
  9 green draconians
  Nessos (D:12)
  20 stone giants
  16 vampire knights
  A rockslime zombie (Crypt:2)
  18 black draconians
  10 deep elf demonologists
  2 demonspawn black suns
  A minotaur (Gauntlet)
  12 purple draconians
  17 red draconians
  5 deep elf annihilators
  2 lorocyprocas
  6 dire elephants
  14 yellow draconians
  7 spark wasps
  6 deep elf death magi
  13 white draconians
  18 eidola
  17 ettins
  Snorg (Lair:4)
  8 fire dragons
  An entropy weaver (Vaults:3)
  4 deep elf high priests
  11 yaktaur captains
  8 great orbs of eyes
  A crystal guardian (Vaults:3)
  11 merfolk javelineers
  12 merfolk impalers
  8 jiangshi
  A spriggan zombie (Crypt:1)
  6 ice dragons
  Harold (D:11)
  43 vault guards
  2 peacekeepers (Vaults:3)
  3 rakshasas
  16 hydras
  An ice dragon (shapeshifter) (Vaults:5)
  4 salamander tyrants
  A catoblepas (Shoals:2)
  4 spriggan air magi
  15 ironbound frosthearts
  3 merfolk avatars
  7 boulder beetles
  An Orb Guardian zombie (Crypt:2)
  2 death knights
  10 anacondas
  4 centaur warriors
  2 satyrs (Shoals:4)
  2 alligator snapping turtles
  11 merfolk aquamancers
  7 death yaks
  20 dancing weapons
  2 two-headed ogres
  6 deep troll shamans
  9 deep troll earth magi
  2 tengu warriors
  10 naga warriors
  6 orc high priests
  An alligator (Shoals:3)
  14 vampire magi
  11 shock serpents
  11 naga sharpshooters
  8 hell hogs (Depths:4)
  2 spriggan berserkers
  13 deep elf knights
  14 hell knights
  A storm dragon zombie (Crypt:1)
  3 sun demons
  The ghost of NoKap the Zephyrmancer, a novice OpTm (D:7)
  10 iron trolls
  4 soul eaters
  Nergalle (D:12)
  13 shadow wraiths
  2 skysharks (Shoals:2)
  A storm dragon skeleton (Crypt:3)
  A titan skeleton (Crypt:3)
  4 sixfirhies
  2 spectral death yaks (Lair:5)
  44 deep trolls
  6 salamander mystics
  12 sea snakes
  13 skeletal warriors
  3 goliath frogs (Shoals:3)
  A goliath frog (shapeshifter) (Vaults:5)
  2 shadow demons (WizLab)
  8 flayed ghosts
  3 bog bodies
  A spectral anaconda (Lair:5)
  A kraken simulacrum (Shoals:4)
  8 glowing orange brains
  5 naga ritualists
  15 phantasmal warriors
  11 deep elf archers
  19 harpies
  25 ironbound convokers
  9 lindwurms
  15 wizards
  An obsidian statue (Lair:5)
  12 necromancers
  29 deep elf pyromancers
  12 deep elf zephyrmancers
  A faun (shapeshifter) (Vaults:3)
  12 orc knights
  9 orc sorcerers
  10 mana vipers
  6 shining eyes
  27 ugly things
  12 fauns
  2 fire giant zombies
  26 moths of wrath
  2 oklob plants
  A manticore (shapeshifter) (Vaults:5)
  7 cyclopes
  17 elephants
  14 manticores
  23 salamanders
  5 smoke demons
  46 black mambas
  3 torpor snails
  11 naga magi
  13 merfolk sirens
  4 rust devils
  An eye of devastation (Slime:3)
  A storm dragon simulacrum (Zot:3)
  2 black mambas (shapeshifter) (Vaults:5)
  A toenail golem (Depths:1)
  A shock serpent skeleton (Crypt:1)
  32 vault sentinels
  A demonic crawler (Depths:4)
  5 water nymphs
  4 guardian serpents
  10 cane toads
  2 ice statues
  4 molten gargoyles (D:10)
  A grey draconian zombie (Crypt:3)
  4 orange demons
  An unseen horror (D:8)
  An alligator snapping turtle skeleton (Crypt:1)
  An eye of devastation (shapeshifter) (Vaults:5)
  3 hellions
  A black draconian zombie (Crypt:1)
  4 rime drakes
  Maggie (D:8)
  9 komodo dragons
  33 yaktaurs
  3 efreet
  A komodo dragon (shapeshifter) (Vaults:2)
  2 kobold demonologists
  A purple draconian skeleton (Crypt:2)
  2 anaconda simulacra
  3 ice devils
  12 freezing wraiths
  3 red devils
  A golden dragon simulacrum (Zot:3)
  5 guardian mummies (Crypt:3)
  5 tengu conjurers
  7 trolls
  3 meliai (D:15)
  A meliai (shapeshifter) (Elf:2)
  2 hydra zombies (Crypt:2)
  2 hornets (Depths:2)
  5 wind drakes
  50 merfolk
  2 polar bears
  An ettin zombie (Crypt:1)
  A culicivora zombie (Crypt:2)
  12 dream sheep
  4 blink frogs
  2 spectral elephants (Lair:5)
  A draconian simulacrum (Zot:3)
  4 raiju
  11 snapping turtles
  2 air elementals
  A centaur simulacrum (Crypt:3)
  69 slime creatures
  4 flying skulls (Crypt:3)
  An ice dragon skeleton (Crypt:3)
  A spriggan skeleton (Depths:1)
  A fire elemental (Elf:2)
  A shadow (D:10)
  8 wraiths
  2 dire elephant simulacra (IceCv)
  2 spriggans (Depths:2)
  8 water elementals
  A ynoxinul (Depths:2)
  8 vampires
  3 wyverns
  52 yaks
  4 golden eyes (Slime:5)
  3 chaos spawn
  8 redbacks (Depths:4)
  A neqoxec (WizLab)
  13 vampire mosquitoes
  A yellow draconian simulacrum (Zot:3)
  2 steam dragons
  A basilisk (Lair:5)
  4 wargs
  7 death yak simulacra
  Edmund (D:4)
  A harpy simulacrum (IceCv)
  2 spectral cane toads (Lair:5)
  A faun zombie (Crypt:3)
  32 nagas
  A swamp worm (shapeshifter) (Vaults:5)
  A demonspawn zombie (Crypt:3)
  15 water moccasins
  A floating eye (Depths:2)
  A moth of wrath simulacrum (Zot:3)
  Duvessa (D:5)
  A cane toad zombie (Crypt:3)
  2 acid dragons
  A black bear (D:8)
  40 orc warriors
  A tengu skeleton (Depths:1)
  An ettin simulacrum (Crypt:1)
  2 sky beasts
  A black bear (shapeshifter) (D:15)
  An elephant zombie (Lair:5)
  3 ice beasts
  4 ogres
  3 boggarts
  A black mamba simulacrum (Crypt:3)
  2 elephant skeletons (Lair:5)
  A manticore skeleton (Crypt:3)
  9 centaurs
  4 kobold brigands
  A phantom (D:7)
  3 elf zombies (Ossuary)
  Blork the orc (D:5)
  7 bullfrogs
  3 two-headed ogre simulacra (IceCv)
  2 earth elementals
  A scorpion (D:6)
  5 cane toad simulacra
  5 necrophages
  3 gnoll sergeants
  2 water moccasin zombies
  9 wights
  A shapeshifter zombie (Crypt:1)
  Dowan (D:5)
  12 killer bees
  5 electric eels
  A howler monkey (D:6)
  2 centaur zombies
  A lava snake (Lair:2)
  3 hounds
  A black bear zombie (Crypt:2)
  3 human zombies (Ossuary)
  2 gnoll boudas
  30 orc priests
  41 orc wizards
  Natasha (thrice) (D:2)
  An iguana (D:4)
  4 polar bear simulacra (IceCv)
  3 sleepcaps
  A boggart skeleton (Crypt:1)
  5 lightning spires (Zot:3)
  7 troll simulacra (IceCv)
  4 wolf simulacra (IceCv)
  4 spriggan simulacra
  A deep dwarf skeleton (Crypt:1)
  A hound zombie (Ossuary)
  10 mummies
  26 gnolls
  6 naga simulacra (IceCv)
  7 adders
  3 shadow imps
  7 white imps
  6 ufetubi
  A jelly zombie (Crypt:3)
  2 adder zombies (Ossuary)
  5 worms
  2 dart slugs
  94 orcs
  6 endoplasms
  5 giant cockroaches
  6 goblins
  3 hobgoblins
  13 kobolds
  3 quokkas
  7 ball pythons
  5 bats
  5 frilled lizards
  A gnoll skeleton (Crypt:3)
  4 goblin zombies (Ossuary)
  5 hobgoblin zombies (Ossuary)
  4 jackal zombies (Ossuary)
  3 kobold zombies (Ossuary)
  An orc zombie (Ossuary)
  6 quokka zombies (Ossuary)
  7 rats
  3 rat zombies (Ossuary)
  4 ball lightnings (Zot:3)
  A bush (Lair:5)
  A fire vortex (Lair:2)
  A plant (Shoals:2)
  6 tentacles
2561 creatures vanquished.

Vanquished Creatures (collateral kills)
  A golden dragon (Zot:5)
  3 Orb Guardians (Zot:5)
  12 acid blobs
  2 draconian monks
  A shadow dragon (Vaults:5)
  An azure jelly (Slime:4)
  A storm dragon (Zot:4)
  A fire giant (Vaults:5)
  2 rockslimes
  A vault warden (Vaults:5)
  A draconian scorcher (Zot:5)
  3 quicksilver oozes (Slime:5)
  4 ironbound preservers
  A draconian annihilator (Zot:5)
  A very ugly thing (Vaults:1)
  2 black draconians (Zot:3)
  A purple draconian (Zot:5)
  The ghost of Frosty the Skirmisher, a journeyman DEVM of Sif Muna (Lair:4)
  A great orb of eyes (Slime:4)
  A vault guard (Vaults:5)
  A catoblepas (Lair:4)
  The ghost of Eho Beem the Convoker, a journeyman TeSu of Gozag (Shoals:2)
  A dancing weapon (Zot:3)
  A shock serpent (Zot:3)
  A sixfirhy (Zot:3)
  5 deep trolls
  An ugly thing (Vaults:1)
  A moth of wrath (Zot:5)
  An eye of devastation (Slime:1)
  A vault sentinel (Vaults:5)
  A polar bear (Vaults:2)
  A dream sheep (Lair:4)
  68 slime creatures
  A fire giant simulacrum (Vaults:2)
  A dream sheep (shapeshifter) (Vaults:5)
  2 vampire mosquitoes (Depths:1)
  A floating eye (Slime:4)
  An ice beast (Vaults:2)
  A howler monkey (D:4)
  An ufetubus (Vaults:2)
133 creatures vanquished.

Vanquished Creatures (others)
  A tengu reaver (Vaults:5)
  A black draconian (Zot:3)
  A ball lightning (Zot:3)
  154 fulminant prisms
  27 fungi
  153 plants
  11 tentacles
  18 withered plants (Lair:5)
366 creatures vanquished.

Grand Total: 3060 creatures vanquished

Notes
Turn   | Place    | Note
-------+----------+-------------------------------------------
     0 | D:1      | Banquo the Djinni Air Elementalist began the quest for the
                  | Orb.
     0 | D:1      | Banquo set off with the following spells memorised: Shock,
                  | Static Discharge, Swiftness, Airstrike.
     0 | D:1      | Reached XP level 1. HP: 15/15 MP: 0/0
   158 | D:1      | Reached XP level 2. HP: 21/22 MP: 0/0
   528 | D:1      | Reached XP level 3. HP: 22/26 MP: 0/0
   528 | D:1      | Learned a level 1 spell: Summon Small Mammal
   552 | D:1      | Reached skill level 3 in Spellcasting
   553 | D:1      | Reached skill level 1 in Fighting
   826 | D:1      | You are sucked into a shaft and drop 1 floor!
  1222 | D:2      | Noticed Natasha
  1281 | D:2      | Killed Natasha
  1282 | D:2      | Reached XP level 4. HP: 26/32 MP: 0/0
  1504 | D:2      | Reached skill level 1 in Shields
  1536 | D:2      | Identified the +2 robe of Melancholy {Harm +Inv Str+2
                  | Int-4}
  1596 | D:2      | Noticed Natasha
  1887 | D:2      | Found a faded altar of an unknown god.
  2120 | D:3      | Reached XP level 5. HP: 34/37 MP: 0/0
  2120 | D:3      | Learned a level 2 spell: Ensorcelled Hibernation
  2469 | D:3      | Noticed a water moccasin
  2696 | D:3      | Reached skill level 4 in Spellcasting
  3109 | D:4      | Reached XP level 6. HP: 39/43 MP: 0/0
  3185 | D:4      | Noticed a sky beast
  3210 | D:4      | Killed a sky beast
  3476 | D:4      | Found Wuolinao's General Store.
  3479 | D:4      | Found Ojan's Specific Store.
  3700 | D:4      | Reached XP level 7. HP: 47/49 MP: 0/0
  3700 | D:4      | Learned a level 3 spell: Volatile Blastmotes
  3718 | D:4      | Noticed Edmund
  3970 | D:5      | Entered Level 5 of the Dungeon
  3981 | D:5      | Reached skill level 5 in Spellcasting
  4057 | D:5      | Noticed Duvessa
  4113 | D:5      | Noticed Dowan
  4142 | D:5      | Killed Dowan
  4199 | D:5      | Found a sand-covered staircase.
  4204 | Ossuary  | Entered an ossuary
  4605 | Ossuary  | Reached XP level 8. HP: 32/55 MP: 0/0
  5413 | D:5      | Found a staircase to the Ecumenical Temple.
  5428 | Temple   | Entered the Ecumenical Temple
  5773 | D:6      | Reached skill level 6 in Spellcasting
  5836 | D:5      | Noticed Blork the orc
  5839 | D:5      | Killed Blork the orc
  6051 | D:2      | Killed Natasha
  6073 | D:2      | Found a faded altar of an unknown god.
  6172 | D:2      | Noticed Natasha
  6173 | D:2      | Killed Natasha
  6294 | D:4      | Killed Edmund
  6295 | D:4      | Reached XP level 9. HP: 37/62 MP: 0/0
  6295 | D:4      | Learned a level 4 spell: Fulminant Prism
  6961 | D:6      | Reached skill level 5 in Dodging
  7109 | D:6      | Reached skill level 7 in Spellcasting
  9735 | D:8      | Reached XP level 10. HP: 51/69 MP: 0/0
  9739 | D:8      | Reached skill level 8 in Spellcasting
  9935 | D:8      | Found an iron altar of Okawaru.
 10000 | D:8      | Found a runed translucent gate.
 10000 | D:8      | Found a runed translucent gate.
 10000 | D:8      | Found a runed translucent gate.
 10005 | D:8      | Found a shadowy altar of Dithmenos.
 10009 | D:8      | Became a worshipper of Dithmenos the Shadowed
 10013 | D:8      | Found an opulent altar of Gozag.
 10014 | D:8      | Noticed NoKap's ghost (novice OpTm)
 10037 | D:8      | Noticed a cyclops
 10043 | D:8      | Killed a cyclops
 10044 | D:8      | Reached skill level 5 in Fighting
 10044 | D:8      | Reached skill level 5 in Shields
 10132 | D:8      | Noticed Maggie
 10138 | D:8      | Killed Maggie
 10140 | D:8      | Noticed a tengu warrior
 10163 | D:8      | Killed a tengu warrior
 10461 | D:8      | Noticed an unseen horror
 10466 | D:8      | Killed an unseen horror
 10467 | D:8      | Reached skill level 9 in Spellcasting
 10641 | D:8      | Noticed a komodo dragon
 10645 | D:8      | Killed a komodo dragon
 10765 | D:8      | Identified the +3 buckler of the Cooper {*Corrode rN+ Int+2
                  | Slay+4}
 10841 | D:8      | Found Denickiu's Distillery.
 10848 | D:8      | Bought a potion of brilliance for 52 gold pieces
 10848 | D:8      | Bought a potion of might for 52 gold pieces
 10932 | D:8      | Found a sparkling altar of Nemelex Xobeh.
 10934 | D:8      | Noticed a cyclops
 10937 | D:8      | Noticed a cyclops
 10939 | D:8      | Found an ornate altar of the Wu Jian Council.
 10951 | D:8      | Found a transporter.
 11075 | D:8      | Found a transporter.
 11585 | D:7      | Killed NoKap's ghost
 11586 | D:7      | Reached skill level 1 in Armour
 11586 | D:7      | Reached XP level 11. HP: 51/76 MP: 0/0
 11586 | D:7      | Learned a level 5 spell: Freezing Cloud
 11757 | D:9      | Identified the amulet of Kuah {Reflect Dex+4 SH+5}
 11920 | D:9      | Found a blossoming altar of Fedhas.
 11926 | D:9      | Found a hide-covered altar of Uskayaw.
 11928 | D:9      | Found an opulent altar of Gozag.
 12968 | D:10     | Entered Level 10 of the Dungeon
 13085 | D:10     | Reached skill level 10 in Spellcasting
 13090 | D:10     | Noticed a two-headed ogre
 13175 | D:10     | Found a staircase to the Orcish Mines.
 13194 | D:10     | Reached * piety under Dithmenos
 13905 | D:10     | Killed a two-headed ogre
 14395 | D:10     | Found a portal to a secret trove of treasure.
 14632 | D:5      | Found a staircase to the Ecumenical Temple.
 14957 | D:5      | Killed Duvessa
 15293 | D:11     | Noticed a boulder beetle
 15431 | D:11     | Reached XP level 12. HP: 76/84 MP: 0/0
 15525 | D:11     | Killed a boulder beetle
 16043 | D:11     | Reached ** piety under Dithmenos
 16044 | D:11     | Reached skill level 11 in Spellcasting
 16359 | D:11     | Noticed Harold
 16466 | D:11     | Noticed a death yak
 16469 | D:11     | Noticed a death yak
 16485 | D:11     | Killed a death yak
 16486 | D:11     | Reached skill level 1 in Invocations
 16646 | D:11     | Noticed a boulder beetle
 16664 | D:11     | Killed a boulder beetle
 16814 | D:11     | Noticed a death yak
 16833 | D:11     | Killed a death yak
 16973 | D:11     | Killed a death yak
 17138 | D:11     | Found a staircase to the Lair.
 17337 | D:11     | Killed Harold
 17551 | D:11     | Noticed a deep troll
 17655 | D:11     | Killed a deep troll
 18010 | Lair:1   | Entered Level 1 of the Lair of Beasts
 18189 | Lair:1   | Reached XP level 13. HP: 54/92 MP: 0/0
 18189 | Lair:1   | Learned a level 5 spell: Irradiate
 18258 | Lair:1   | Found a gate leading to a gauntlet.
 18273 | Gauntlet | Entered a Gauntlet
 18273 | Gauntlet | Found a transporter.
 18273 | Gauntlet | Found a transporter.
 18284 | Gauntlet | Found a transporter.
 18285 | Gauntlet | Found a transporter.
 18296 | Gauntlet | Found a transporter.
 18299 | Gauntlet | Found a transporter.
 18315 | Gauntlet | Found a transporter.
 18320 | Gauntlet | Found a runed translucent door.
 18327 | Gauntlet | Found a transporter.
 18329 | Gauntlet | Noticed a dire elephant
 18331 | Gauntlet | Found a transporter.
 18351 | Gauntlet | Found a transporter.
 18360 | Gauntlet | Found a transporter.
 18364 | Gauntlet | Found a transporter.
 18404 | Gauntlet | Identified the ring of Cukaluck {MP+9 Int+8}
 18470 | Gauntlet | Identified the +5 ring mail of Snakes and Ladders {rCorr}
 18535 | Gauntlet | Noticed a minotaur
 18550 | Gauntlet | Killed a minotaur
 18551 | Gauntlet | Reached skill level 12 in Spellcasting
 19644 | Lair:2   | Found the +4 skin of Zhor {*Englaciate rC+++ SInv}
 19663 | Lair:2   | Noticed a four-headed hydra
 19668 | Lair:2   | Killed a four-headed hydra
 19934 | Lair:2   | Found a frozen archway.
 19985 | IceCv    | Entered an ice cave
 20216 | IceCv    | Reached *** piety under Dithmenos
 21405 | IceCv    | Noticed a reaper
 21444 | IceCv    | Killed a reaper
 22369 | Lair:2   | Found a staircase to the Shoals.
 22930 | Lair:2   | Identified the staff of air "Fynweck" {rElec rPois rC+++
                  | Int-4 Dex+4}
 22932 | Lair:2   | Identified the staff of earth "Xoobbo" {Dex+2}
 22937 | Lair:2   | Identified the ring of the Weak God {Wiz rF+ rC- Stlth+}
 23183 | Lair:3   | Found a staircase to the Snake Pit.
 23295 | Lair:3   | Noticed a six-headed hydra
 23299 | Lair:3   | Killed a six-headed hydra
 23380 | Lair:3   | Noticed a four-headed hydra
 23384 | Lair:3   | Killed a four-headed hydra
 23385 | Lair:3   | Reached skill level 13 in Spellcasting
 23476 | Lair:3   | Reached XP level 14. HP: 88/99 MP: 0/0
 23513 | Lair:3   | Found a glowing silver altar of Zin.
 23755 | Lair:3   | Found the +8 whip "Snakebite" {venom, curare, rPois}
 24769 | Lair:4   | Found a runed translucent gate.
 24769 | Lair:4   | Found a runed translucent gate.
 24880 | Lair:4   | Reached skill level 5 in Invocations
 25187 | Lair:4   | Found a runed translucent gate.
 25202 | Lair:4   | Reached **** piety under Dithmenos
 25205 | Lair:4   | Reached skill level 10 in Dodging
 25224 | Lair:4   | Noticed Snorg
 25225 | Lair:4   | Noticed Frosty's ghost (journeyman DEVM)
 25231 | Lair:4   | Killed Snorg
 25263 | Lair:4   | Identified the +3 leather armour "Goalesuck" {rCorr Int+6}
 25348 | Lair:4   | Identified the +1 ring mail of the Silversmith {rC++ Int+3}
 25688 | Lair:5   | Entered Level 5 of the Lair of Beasts
 26016 | Lair:5   | Found a runed translucent door.
 26017 | Lair:5   | Found a viscous altar of Jiyva.
 26017 | Lair:5   | Noticed an acid blob
 26058 | Lair:5   | Noticed an acid blob
 26059 | Lair:5   | Found a staircase to the Slime Pits.
 26167 | Lair:5   | Reached skill level 14 in Spellcasting
 26258 | Lair:5   | Reached ***** piety under Dithmenos
 26396 | Lair:5   | Noticed an acid blob
 26813 | Lair:5   | Noticed a dire elephant
 26813 | Lair:5   | Noticed a dire elephant
 26813 | Lair:5   | Noticed a dire elephant
 26813 | Lair:5   | Noticed a dire elephant
 26836 | Lair:5   | Noticed a dire elephant
 26845 | Lair:5   | Killed a dire elephant
 26846 | Lair:5   | Reached XP level 15. HP: 89/106 MP: 0/0
 26846 | Lair:5   | Learned a level 6 spell: Iron Shot
 27059 | Lair:5   | Reached skill level 1 in Maces & Flails
 27571 | Lair:5   | Identified the ring "Cecintem" {Ice rElec rN+ Will- Str+5}
 28199 | D:12     | Noticed Nessos
 28201 | D:12     | Killed Nessos
 28279 | D:12     | Found Ufaps's Book Emporium.
 28366 | D:12     | Noticed Nergalle
 28375 | D:12     | Killed Nergalle
 28461 | D:12     | Reached skill level 10 in Fighting
 28717 | Orc:1    | Entered Level 1 of the Orcish Mines
 29355 | Orc:2    | Entered Level 2 of the Orcish Mines
 29427 | Orc:2    | Found Jud Jiop's Book Emporium.
 29449 | Orc:2    | Found Qynteakk's Weapon Emporium.
 29527 | Orc:2    | Found Zugh's Weapon Shoppe.
 29796 | Orc:2    | Found a staircase to the Elven Halls.
 29938 | Orc:2    | Reached ****** piety under Dithmenos
 29992 | Orc:2    | Paralysed by an orc sorcerer for 4 turns
 29998 | Orc:2    | Reached skill level 10 in Shields
 30021 | Orc:2    | Noticed an orc warlord
 30041 | Orc:2    | Reached skill level 15 in Spellcasting
 30124 | Orc:2    | Killed an orc warlord
 30312 | Orc:2    | Reached XP level 16. HP: 99/113 MP: 0/0
 30535 | Orc:2    | Found Sopeunoh's Magic Scroll Shoppe.
 30835 | Orc:2    | Found Athig's General Store.
 30836 | Orc:2    | Found Zioluu's Jewellery Emporium.
 30838 | Orc:2    | Found Mefub's Antique Armour Shoppe.
 30838 | Orc:2    | Found Niphet's Antique Weapon Shoppe.
 30883 | Orc:2    | Bought a faintly glowing rapier for 306 gold pieces
 30883 | Orc:2    | Identified the +0 rapier of Discretion {heavy, rN+ SInv}
                  | (You bought it in a shop on level 2 of the Orcish Mines)
 30884 | Orc:2    | Bought a steaming cloak for 351 gold pieces
 30884 | Orc:2    | Identified the +0 cloak "Qeuptu" {-Tele Str+5} (You bought
                  | it in a shop on level 2 of the Orcish Mines)
 30885 | Orc:2    | Bought a glimmering morningstar for 306 gold pieces
 30885 | Orc:2    | Identified the +11 morningstar "Giantslayer" {heavy, rF+
                  | rN+ Will++ Str-2} (You bought it in a shop on level 2 of
                  | the Orcish Mines)
 31268 | D:13     | Found a gate to the Vaults.
 31455 | D:13     | Found a stormy altar of Qazlal.
 32362 | D:14     | Identified Roxanne's Writings on Vicissitude
 32362 | D:14     | Noticed Roxanne
 32366 | D:14     | Killed Roxanne
 32885 | D:14     | Noticed Frances
 32888 | D:14     | Killed Frances
 33284 | D:15     | Entered Level 15 of the Dungeon
 33297 | D:15     | Noticed Rupert
 33350 | D:15     | Reached skill level 16 in Spellcasting
 33541 | D:15     | Killed Rupert
 33718 | D:15     | Found a staircase to the Depths.
 34003 | Snake:1  | Entered Level 1 of the Snake Pit
 34014 | Snake:1  | Reached XP level 17. HP: 101/121 MP: 0/0
 34014 | Snake:1  | Learned a level 6 spell: Plasma Beam
 34045 | Snake:1  | Found Acalegg's Weapon Shoppe.
 34049 | Snake:1  | Found Kirask's Magic Scroll Shoppe.
 34133 | Snake:1  | Found a transporter.
 34135 | Snake:1  | Found a transporter.
 34182 | Snake:1  | Identified a scroll of acquirement
 34187 | Snake:1  | Acquired a manual of Armour
 34344 | Snake:1  | Found a transporter.
 34380 | Snake:1  | Found a transporter.
 34383 | Snake:1  | Found a transporter.
 34392 | Snake:1  | Found a transporter.
 34899 | Snake:2  | Reached skill level 5 in Armour
 35030 | Snake:2  | Reached skill level 5 in Maces & Flails
 35571 | Snake:2  | Reached skill level 17 in Spellcasting
 35894 | Snake:3  | Reached XP level 18. HP: 109/128 MP: 0/0
 36067 | Snake:3  | Noticed Mara
 36069 | Snake:3  | Noticed Banquo's illusion
 36074 | Snake:3  | Killed Mara
 37066 | Snake:4  | Entered Level 4 of the Snake Pit
 37947 | Snake:4  | Noticed a quicksilver dragon
 37948 | Snake:4  | Noticed a quicksilver dragon
 37950 | Snake:4  | Killed a quicksilver dragon
 37952 | Snake:4  | Killed a quicksilver dragon
 38343 | Snake:4  | Got a serpentine rune of Zot
 38822 | Elf:1    | Entered Level 1 of the Elven Halls
 38902 | Elf:1    | Found a transporter.
 38987 | Elf:1    | Found a magical portal.
 38991 | WizLab   | Entered The Hall of the Hellbinder
 39040 | WizLab   | Reached XP level 19. HP: 25/135 MP: 0/0
 39040 | WizLab   | Learned a level 7 spell: Summon Hydra
 39314 | Elf:1    | Reached skill level 18 in Spellcasting
 39382 | Elf:1    | Found a transporter.
 39682 | Elf:1    | Identified the amulet of Tulips {Faith rF- rC+++ SInv
                  | Stlth+}
 39692 | Elf:1    | Identified the ring "Qohysm" {+Blink rPois MP+9 Str+4
                  | Dex-5}
 40199 | Elf:2    | Reached skill level 10 in Invocations
 40278 | Elf:2    | Found a runed translucent gate.
 40279 | Elf:2    | Found a runed translucent gate.
 40279 | Elf:2    | Found a runed translucent gate.
 40312 | Elf:2    | Found Agippiusch's Antique Weapon Shop.
 40908 | Elf:3    | Entered Level 3 of the Elven Halls
 41133 | Elf:3    | Paralysed by an air elemental for 1 turns
 41196 | Elf:3    | Reached skill level 10 in Armour
 41315 | Elf:3    | Found Faymearph's One-of-a-Kind Books.
 41804 | Elf:3    | Noticed a deep elf blademaster
 41807 | Elf:3    | Killed a deep elf blademaster
 41862 | Elf:3    | Noticed a deep elf blademaster
 41871 | Elf:3    | Killed a deep elf blademaster
 41875 | Elf:3    | Reached XP level 20. HP: 113/143 MP: 0/0
 42008 | Elf:3    | Reached skill level 19 in Spellcasting
 42333 | Elf:3    | Identified the +1 shortbow "Leviticus" {flame, Str+5 Int-2}
 42388 | Elf:3    | Identified the +1 giant club of the Pits of Slime {vamp,
                  | Contam +Blink rF+ Will+}
 42414 | Elf:3    | Identified the ring "Helus" {rCorr MP+9 Stlth+}
 42432 | Elf:3    | Identified the +7 battleaxe of Success {freeze, rN+}
 43463 | Shoals:1 | Entered Level 1 of the Shoals
 43637 | Shoals:1 | Noticed Nikola
 43643 | Shoals:1 | Killed Nikola
 44345 | Shoals:2 | Noticed Ilsuiw
 44415 | Shoals:2 | Noticed Polyphemus
 44430 | Shoals:2 | Killed Polyphemus
 44442 | Shoals:2 | Killed Ilsuiw
 44563 | Shoals:2 | Found a runed translucent door.
 44671 | Shoals:2 | Noticed Donald
 44677 | Shoals:2 | Killed Donald
 44929 | Shoals:2 | Noticed Eho Beem's ghost (journeyman TeSu)
 45301 | Shoals:2 | Killed Eho Beem's ghost
 45531 | D:8      | Identified the +0 robe "Nejewk" {rN++ Str-3 Int+5}
 45797 | Lair:4   | Killed Frosty's ghost
 46358 | Shoals:3 | Reached XP level 21. HP: 146/150 MP: 0/0
 46358 | Shoals:3 | Learned a level 7 spell: Ozocubu's Refrigeration
 46760 | Shoals:3 | Found a runed translucent door.
 46911 | Shoals:3 | Reached skill level 20 in Spellcasting
 47363 | Shoals:4 | Entered Level 4 of the Shoals
 48753 | Shoals:4 | Got a barnacled rune of Zot
 49884 | Vaults:1 | Entered Level 1 of the Vaults
 50112 | Vaults:1 | Reached XP level 22. HP: 144/158 MP: 0/0
 51583 | Vaults:2 | Found a staircase to the Crypt.
 51589 | Vaults:2 | Reached skill level 21 in Spellcasting
 51948 | Vaults:2 | Reached skill level 15 in Dodging
 53363 | Vaults:3 | Reached XP level 23. HP: 150/166 MP: 0/0
 53363 | Vaults:3 | Learned a level 7 spell: Orb of Destruction
 53606 | Vaults:3 | Identified the +10 dagger of Foul Odours {heavy, rC++ Str-4
                  | Int+4}
 53618 | Vaults:3 | Reached skill level 15 in Fighting
 53767 | Vaults:3 | Reached skill level 15 in Armour
 53911 | Vaults:3 | You are sucked into a shaft and drop 1 floor!
 54082 | Vaults:4 | Reached skill level 15 in Shields
 54205 | Vaults:4 | Found a flickering gateway to a bazaar.
 54214 | Bazaar   | Entered a bazaar
 54218 | Bazaar   | Found Gagoxicw's Book Emporium.
 54235 | Bazaar   | Found Deyfru's Jewellery Shop.
 54238 | Bazaar   | Found Naewoel's Antique Weapon Shoppe.
 54249 | Bazaar   | Bought a slimy flail for 280 gold pieces
 54249 | Bazaar   | Identified the +5 flail of Hepliaklqana's Hope {pain, rPois
                  | Int+2 Dex+4 SInv} (You bought it in a shop in a bazaar)
 54256 | Bazaar   | Found Caumou's Antique Weapon Boutique.
 55252 | Vaults:3 | Reached XP level 24. HP: 165/180 MP: 0/0
 55857 | Depths:1 | Entered Level 1 of the Depths
 56076 | Depths:1 | Found a one-way gate leading to the halls of Pandemonium.
 56145 | Depths:1 | Found Big Baal Hell's Store.
 56188 | Depths:1 | Found a gateway to Hell.
 56271 | Depths:1 | Found Goerroik's Jewellery Shoppe.
 57077 | Depths:1 | Noticed Jory
 57083 | Depths:1 | Killed Jory
 57137 | Depths:1 | Identified the staff of air "Liudgh" {rElec rN+ Int+5
                  | Dex-3}
 57139 | Depths:1 | Identified the amulet "Sinyuneu" {Faith Rampage rC+ Str-5
                  | Dex+4}
 57249 | Depths:1 | Identified the amulet "Sidu" {Spirit rF+}
 57594 | Depths:2 | Noticed an ancient lich
 57769 | Depths:2 | Found a flickering gateway to a bazaar.
 57778 | Bazaar   | Entered a bazaar
 57778 | Bazaar   | Found Zustrivye's Book Shop.
 57778 | Bazaar   | Found Xygh's Jewellery Shop.
 57778 | Bazaar   | Found Husalao's Weapon Boutique.
 57789 | Bazaar   | Bought a ring of the Octopus King {rN+ HP+2 AC+2 EV+2 SH+2}
                  | for 564 gold pieces
 57789 | Bazaar   | Found the ring of the Octopus King {rN+ HP+2 AC+2 EV+2
                  | SH+2}
 57934 | Depths:2 | Found a one-way gate to the infinite horrors of the Abyss.
 58149 | Depths:2 | Found a one-way gateway to a ziggurat.
 58163 | Depths:2 | Reached XP level 25. HP: 161/195 MP: 0/0
 58163 | Depths:2 | Learned a level 9 spell: Chain Lightning
 58438 | Depths:2 | Killed an ancient lich
 58764 | Depths:3 | Reached skill level 22 in Spellcasting
 58941 | Depths:3 | Identified the +1 cloak of Ireenuf {+Inv rElec Dex+5}
 59085 | Depths:3 | Found a snail-covered altar of Cheibriados.
 59085 | Depths:3 | Found an iron altar of Okawaru.
 59147 | Depths:3 | Found a hazy altar of Hepliaklqana.
 59149 | Depths:3 | Found an iron altar of Okawaru.
 59245 | Depths:3 | Found a broken altar of Ashenzari.
 59739 | Depths:4 | Entered Level 4 of the Depths
 60435 | Depths:4 | Noticed Parghit
 60443 | Depths:4 | Killed Parghit
 60607 | Depths:4 | Reached skill level 23 in Spellcasting
 60647 | Depths:4 | Reached XP level 26. HP: 122/203 MP: 0/0
 61338 | Depths:4 | Found a gate to the Realm of Zot.
 61946 | Crypt:1  | Entered Level 1 of the Crypt
 61946 | Crypt:1  | Noticed Bai Suzhen
 61949 | Crypt:1  | Killed Bai Suzhen
 62246 | Crypt:1  | Noticed Yhipuh's ghost (veteran GrEE)
 62587 | Crypt:1  | Found a transporter.
 62590 | Crypt:1  | Found a transporter.
 62880 | Crypt:1  | Killed Yhipuh's ghost
 63002 | Crypt:2  | Reached skill level 24 in Spellcasting
 63701 | Crypt:3  | Entered Level 3 of the Crypt
 63937 | Crypt:3  | Noticed a dread lich
 63940 | Crypt:3  | Paralysed by a dread lich for 2 turns
 63942 | Crypt:3  | Killed a dread lich
 63977 | Crypt:3  | Noticed Wed Dyk's ghost (veteran MiBe)
 64343 | Crypt:3  | Noticed Neirri's ghost (veteran DrHW)
 64355 | Crypt:3  | Found a transporter.
 64360 | Crypt:3  | Found a transporter.
 64449 | Crypt:3  | Identified the ring "Dixoim" {Fire rElec rPois rCorr
                  | Stlth+}
 64511 | Crypt:3  | Reached XP level 27. HP: 191/209 MP: 0/0
 64511 | Crypt:3  | Learned a level 9 spell: Dragon's Call
 64596 | Crypt:3  | Found a basalt altar of Yredelemnul.
 64669 | Crypt:3  | Identified the +5 crystal plate armour of Love and Death
                  | {rF+}
 64701 | Crypt:3  | Identified the ring of the Hart {rN+ Slay+3}
 64701 | Crypt:3  | Identified the ring "Aneys" {Fly rC- rN+ Stlth+}
 64917 | Crypt:3  | Found a staircase to the Tomb.
 65204 | Crypt:3  | Killed Wed Dyk's ghost
 65340 | Crypt:3  | Killed Neirri's ghost
 65747 | Slime:1  | Entered Level 1 of the Pits of Slime
 65840 | Slime:2  | Reached skill level 25 in Spellcasting
 66066 | Slime:5  | Entered Level 5 of the Pits of Slime
 66116 | Slime:5  | Noticed the Royal Jelly
 66123 | Slime:5  | Killed the Royal Jelly
 66535 | Slime:5  | Got a slimy rune of Zot
 66551 | Slime:5  | Found the dreamshard necklace {*Dream Drain}
 66567 | Slime:5  | Identified the +7 quarterstaff of Riudokar {freeze, rF+}
 66631 | Slime:5  | Identified the +0 chain mail of the Conjuring Gods {+Blink
                  | Regen+ Int+7 Dex-5}
 67203 | Vaults:5 | Entered Level 5 of the Vaults
 67310 | Vaults:5 | Reached skill level 26 in Spellcasting
 67498 | Vaults:5 | Noticed an ancient lich
 67503 | Vaults:5 | Killed an ancient lich
 67557 | Vaults:5 | Identified the ring "Vyfocriu" {Fire Dex+2}
 67820 | Vaults:5 | Identified the +5 scale mail "Qasch" {rElec rPois Stlth+}
 67876 | Vaults:5 | Identified the +6 mace "Ytaw" {holy, Fly rElec Dex-5
                  | Stlth+}
 67918 | Vaults:5 | Identified the +3 robe of Curiosity {rElec rC- Str+2 Int+3}
 68033 | Vaults:5 | Identified the staff of cold "Loonuiqy" {rPois rC+ Dex+4}
 68150 | Vaults:5 | Paralysed by a sphinx for 2 turns
 68221 | Vaults:5 | Got a silver rune of Zot
 68298 | Vaults:5 | Identified the staff of fire "Cioxeck" {Fragile rPois rF+
                  | rN+++ Stlth-}
 68380 | Vaults:5 | Identified the +3 arbalest of an ossuary {elec, rF+ rN+
                  | Int+2}
 69382 | Orc:2    | Bought a scroll of enchant armour for 105 gold pieces
 69382 | Orc:2    | Bought a scroll of fog for 56 gold pieces
 69382 | Orc:2    | Bought 3 scrolls of magic mapping for 315 gold pieces
 69382 | Orc:2    | Bought 3 scrolls of teleportation for 126 gold pieces
 69382 | Orc:2    | Bought a scroll of noise for 14 gold pieces
 69382 | Orc:2    | Bought a scroll of fog for 56 gold pieces
 69424 | Orc:2    | Bought a runed troll leather armour for 666 gold pieces
 69556 | D:8      | Bought a potion of curing for 39 gold pieces
 69556 | D:8      | Bought a potion of curing for 39 gold pieces
 69556 | D:8      | Bought a potion of curing for 39 gold pieces
 69556 | D:8      | Bought a potion of might for 52 gold pieces
 69677 | D:4      | Bought a potion of might for 40 gold pieces
 69968 | Snake:1  | Bought a scroll of teleportation for 39 gold pieces
 69968 | Snake:1  | Bought a scroll of enchant armour for 97 gold pieces
 69968 | Snake:1  | Bought a scroll of blinking for 97 gold pieces
 69968 | Snake:1  | Bought a scroll of poison for 52 gold pieces
 69968 | Snake:1  | Bought a scroll of noise for 13 gold pieces
 70198 | Depths:1 | Bought the amulet of Quhos Voown {Regen+ Dex+3} for 822
                  | gold pieces
 70349 | Zot:1    | Entered Level 1 of the Realm of Zot
 70375 | Zot:1    | Identified the ring of the Cast Vote {rElec rC+ Will+++
                  | Int-4 Dex-4}
 72066 | Zot:3    | Noticed Grunn
 72070 | Zot:3    | Killed Grunn
 72149 | Zot:3    | Noticed Vv
 72225 | Zot:2    | Killed Vv
 72267 | Zot:3    | Identified the ring "Qotodoat" {Ice Int+4}
 72267 | Zot:3    | Noticed Josephina
 72269 | Zot:3    | Killed Josephina
 72517 | Zot:3    | Identified the scarf "Zalen" {shadows, Int+2}
 75235 | Zot:4    | Identified the staff of air "Lupnyul" {rElec rF+ Will+}
 75295 | Zot:4    | Identified the ring "Gablauh" {rF+ rC+}
 75682 | Zot:5    | Entered Level 5 of the Realm of Zot
 77029 | Zot:5    | Noticed an orb of fire
 77038 | Zot:5    | Killed an orb of fire
 77046 | Zot:5    | Noticed a Killer Klown
 77050 | Zot:5    | Noticed an orb of fire
 77051 | Zot:5    | Noticed an ancient lich
 77051 | Zot:5    | Noticed a dread lich
 77057 | Zot:5    | Noticed a Killer Klown
 77058 | Zot:5    | Noticed an orb of fire
 77060 | Zot:5    | Killed a dread lich
 77060 | Zot:5    | Noticed an orb of fire
 77062 | Zot:5    | Noticed a Killer Klown
 77062 | Zot:5    | Killed an orb of fire
 77063 | Zot:5    | Reached skill level 27 in Spellcasting
 77063 | Zot:5    | Noticed a Killer Klown
 77200 | Zot:5    | Killed an orb of fire
 77201 | Zot:5    | Noticed a Killer Klown
 77201 | Zot:5    | Noticed a Killer Klown
 77213 | Zot:5    | Killed a Killer Klown
 77294 | Zot:5    | Killed a Killer Klown
 77295 | Zot:5    | Killed an orb of fire
 77296 | Zot:5    | Reached skill level 10 in Maces & Flails
 77296 | Zot:5    | Killed a Killer Klown
 77301 | Zot:5    | Noticed a dread lich
 77305 | Zot:5    | Killed a dread lich
 77321 | Zot:5    | Killed a Killer Klown
 77376 | Zot:5    | Noticed a Killer Klown
 77378 | Zot:5    | Killed a Killer Klown
 77381 | Zot:5    | Noticed a Killer Klown
 77382 | Zot:5    | Killed a Killer Klown
 77390 | Zot:5    | Noticed a Killer Klown
 77398 | Zot:5    | Killed a Killer Klown
 77403 | Zot:5    | Killed a Killer Klown
 77433 | Zot:5    | Killed an ancient lich
 77483 | Zot:5    | Killed a Killer Klown
 77858 | Zot:5    | Noticed a Killer Klown
 77861 | Zot:5    | Killed a Killer Klown
 77994 | Zot:5    | Noticed a dread lich
 77995 | Zot:5    | Paralysed by a dread lich for 2 turns
 77997 | Zot:5    | Killed a dread lich
 78074 | Zot:5    | Got the Orb of Zot
 78282 | Depths:4 | Noticed Miuhaokh the pandemonium lord
 78565 | D:1      | Woot! Dithmenos
 78566 | D:$      | Escaped with the Orb!

Illustrated notes

#.# #.##.##.## ###....... #.#
#.##.##..## ##..>###### #.#
#######.##.##..)###.###.# #.#
#.............#.....# #.# #.#
#.##.#####.##.[>###.###.# #.#
#.##......####.######..######
#.#
#.##.######...'....♣#........
#.# #.##.# #...####'###.######
#.# #.##.# #.@.#♣♣♣.♣ #.#
..###.##÷#####....#♣..♣♣##.#####
....(.........#...#.♣♣♣ #......#
........[....######'#####......#
.###.###.###..#.........##.###.#
.# #.# #.#
#.##......§..##.###.## .# #.#
#.# #.##.........##.##...# .#
#.# #.###.##~.......≈##(##.#..
.###.#
#......#~.~...≈.≈#..##...#


Turn 78565 on D:1: Woot! Dithmenos

Levels and vault maps discovered:
D:1:      scummos_arrival_gate, layout_loops_ring, nrook_loot_triangle,
          minmay_misc_feat_columns
D:2:      layout_basic, hellmonk_ecumenical_altar_arch_garden,
          kennysheep_doodads, uniq_natasha
D:3:      layout_basic
D:4:      layout_basic, glass_columns_a, nicolae_specific_store,
          minmay_door_square, uniq_edmund
D:5:      layout_loops_cross, minmay_temple_entry_junction, enter_ossuary_5,
          uniq_blork_the_orc, uniq_duvessa
D:6:      layout_basic
D:7:      layout_loops_cross, serial_glass, glass_columns_a, glass_columns_b,
          minivault_27, grunt_decor_junction
D:8:      layout_basic, general_overflow_altar, okawaru_gym_becter,
          gammafunk_temple_overflow_arena, serial_shops, shop_fountains,
          ebering_ghost_gozag, minmay_radiant, uniq_maggie
D:9:      layout_stronghold, mainiacjoe_overflow_alcove_3
D:10:     layout_irregular_city, minmay_orc_entry_temple_small,
          nicolae_trove_entry_crystal, minmay_misc_feat_five, minivault_8
D:11:     layout_layer_cave, dpeg_lair_monsters, kennysheep_just_a_vault,
          uniq_harold
D:12:     layout_loops_ring, serial_shops, nicolae_shop_behind_doors,
          uniq_nessos, uniq_nergalle
D:13:     layout_basic, lightli_vaults_fourway_checkpoint,
          nicolae_qazlal_style_of_elements
D:14:     layout_loops_ring, grunt_decor_resistance,
          nrook_guardian_serpent_double, uniq_roxanne, uniq_frances
D:15:     grunt_enter_depths_giant_problem, layout_cave_pools,
          hangedman_abyss_or_decor_stagger, uniq_rupert
Temple:   oiseaux_autumnal_temple
Lair:1:   layout_roguey, gauntlet_entry_generic, chequers_serial_rivers_small_3,
          cheibrodos_lair_caveside_slide, minmay_lair_oklob_bushes,
          grunt_megastairs_5
Lair:2:   statuecave_lemuel, layout_gridlike,
          minmay_shoals_entry_lonely_mermaid, portal_ice_cave_entry_pillars_2,
          hellmonk_guarded_unrand_zhor
Lair:3:   minmay_guarded_unrand_snakebite, layout_regular_city,
          dummy_snake_entry, basic_altar
Lair:4:   layout_concentric_octagons, gammafunk_ghost_split, uniq_snorg
Lair:5:   due_jungle_book, layout_cellular_growth, slime_entry_2,
          serial_bayou_shore_b
Shoals:1: layout_shoals, uniq_nikola
Shoals:2: layout_shoals, ebering_ghost_reflecting_pool, uniq_polyphemus,
          uniq_ilsuiw, uniq_donald
Shoals:3: nicolae_shoals_lighthouse, layout_shoals,
          nicolae_shoals_nautilus_by_nature, nicolae_shoals_goliath_grotto
Shoals:4: shoals_end_grunt_ice, layout_shoals, shoal_ilsuiw
Snake:1:  layout_concentric_octagons, serial_nicolae_subway,
          nicolae_sub_station_stone, nicolae_sub_station_metal,
          nicolae_sub_station_crystal, grunt_megastairs_3, serial_bayou_shore_a,
          minmay_shop_star
Snake:2:  layout_onion_interference, nicolae_large_snake_swirl
Snake:3:  layout_concentric_octagons, uniq_mara
Snake:4:  hellmonk_snake_rune_quicksilver_temple, layout_onion,
          grunt_megastairs_1
Slime:1:  layout_caves, special_room [special_room_jelly]
Slime:2:  layout_caves
Slime:3:  layout_caves, basic_altar
Slime:4:  layout_caves
Slime:5
Orc:1:    layout_caves
Orc:2:    st_orc_congregation, layout_caves, serial_shops,
          nicolae_shop_statue_plus, shop_coins, nicolae_shop_hallway_plus,
          nicolae_shop_bloodbath_and_beyond
Elf:1:    gammafunk_its_a_trap, layout_loops_cross, mu_enter_wizlab_7,
          hangedman_elf_disciples
Elf:2:    nicolae_elf_blades_crystal_corner, layout_loops_corners, serial_shops,
          nicolae_shop_temple_entry_statues_fountains, basic_altar
Elf:3:    minmay_elf_hall_circle, layout_loops_corners, nicolae_rare_books
Vaults:1: v_pattern_3, hangedman_vaults_stream, nicolae_vaults_border_crossing,
          vaults_room_fours, vaults_room_guarded_vault, v_misc_24,
          hangedman_vaults_impose, vaults_room_semicircle, vaults_dpeg_ring,
          layout_vaults_quadrants
Vaults:2: grunt_vaults_bifocal, ontoclasm_vaults_spin, v_misc_24,
          minmay_crypt_entry_simple_statues, hangedman_vaults_hat,
          hangedman_vaults_capsules, serial_ice_h, vaults_dpeg_emergency_exit,
          dpeg_vaults_monster_box, layout_vaults_chaotic_city
Vaults:3: vaults_room_pool, v_misc_30, ontoclasm_vaults_ring_small,
          ontoclasm_vaults_ligature, hangedman_vaults_stitches, v_pattern_4,
          st_smaller_cells, hangedman_vaults_cutoff, serial_ice_b,
          nicolae_vaults_mini_display_case, hangedman_vaults_river_flow,
          layout_vaults_ring
Vaults:4: vaults_dpeg_encased_lava, ontoclasm_vaults_eye, v_pattern_5,
          hangedman_vaults_maws, v_misc_1, nicolae_vaults_fighting_squares,
          v_misc_26, hangedman_vaults_impose, v_alt_pattern_1, v_misc_28,
          ontoclasm_vaults_decontamination, vaults_room_grid,
          hangedman_vaults_stretched_pinwheel, nicolae_vaults_rhombus_7,
          layout_vaults_maze_snakey, serial_shops, bzr_entry_water
Vaults:5
Crypt:1:  layout_rooms, gammafunk_ghost_mausoleum, st_stairs_12, uniq_bai_suzhen
Crypt:2:  layout_basic
Crypt:3:  lightli_unholy_cathedral, layout_chaotic_city,
          nicolae_tomb_entry_grand_gallery, nzn_ghost_randoct,
          grunt_ministairs_15
Depths:1: due_jory_tower, layout_cave_shapes, rand_demon_pan_entry_8,
          nicolae_hell_entry_big_baal_hell, serial_shops,
          nicolae_shop_advertising_works [nicolae_subvault_shop_adworks],
          minmay_misc_feat_plants, kennysheep_generic_room_4
Depths:2: dreamdust_hydra_shepherd, layout_cave_shapes, enter_ziggurat_c,
          hell_entry, grunt_pan_entry_sceptre, serial_shops,
          bzr_entry_customers, marbit_kobold_abyss_entry, nrook_pool_corridor,
          minmay_starry_boxes
Depths:3: minmay_the_grid_octo_tiled_squarecenter_mashed
          [minmay_the_grid_octo_shrine, minmay_the_grid_octo_fat_diamond,
          minmay_the_grid_octo_checkerflower, minmay_the_grid_octo_concentric,
          minmay_the_grid_square_5x5_megaprize_diamond,
          minmay_the_grid_square_5x5_percent,
          minmay_the_grid_square_5x5_eight_small,
          minmay_the_grid_square_5x5_inner_v, minmay_the_grid_square_5x5_slash],
          layout_long_grid, pf_hell_entry_tar_spiral,
          hangedman_abyss_or_decor_passed, abyss_entry_glasseish, minivault_21,
          cheibrodos_ashenzari_chains
Depths:4: evilmike_zot_entry_hall, layout_gridlike, grunt_hell_horde,
          minmay_strange_pillars, drop_trap, uniq_parghit, uniq_jory
Zot:1:    layout_onion_interference
Zot:2:    layout_onion_interference, skrybe_zot_glass_1
Zot:3:    infiniplex_zot_generator, layout_basic, uniq_josephina, uniq_vv,
          uniq_grunn
Zot:4:    minmay_elemental_castle, layout_gridlike
Zot:5:    layout_twisted_circle, grunt_ministairs_4

Skill      XL: |  1  2  3  4  5  6  7  8  9 10 11 12 13 14 15 16 17 18 19 20 21 22 23 24 25 26 27 |
---------------+----------------------------------------------------------------------------------+-----
Spellcasting   | 3 4 5 6 7 9 10 11 13 14 15 16 17 18 19 20 21 23 24 27 | 27.0
Fighting       | 1 2 3 4 5 6 7 8 9 10 11 12 13 14 17 20 21 26 | 26.0
Shields        | 1 2 3 4 5 6 7 8 9 10 11 12 13 15 17 | 17.3
Dodging        | 3 4 5 6 7 8 9 10 11 12 14 15 16 18 | 18.0
Armour         | 1 3 4 6 8 10 12 13 14 15 19 | 19.0
Invocations    | 2 4 5 6 7 8 9 10 | 10.0
Maces & Flails | 2 4 5 6 10 | 10.0
Stealth        | |  1.5

Action                     |  1- 3 |  4- 6 |  7- 9 | 10-12 | 13-15 | 16-18 | 19-21 | 22-24 | 25-27 || total
---------------------------+-------+-------+-------+-------+-------+-------+-------+-------+-------++-------
  Melee: Whip              |       |     4 |       |       |     9 |       |       |       |       ||    13
         Dagger            |       |       |       |     3 |     9 |       |       |       |       ||    12
         Staff             |       |       |       |       |       |     1 |     1 |       |     1 ||     3
   Cast: Shock             |    82 |   120 |   217 |    27 |       |     7 |     1 |       |       ||   454
         Summon Small Mamm |       |    12 |     4 |     2 |     3 |       |       |       |       ||    21
         Ensorcelled Hiber |       |     2 |     1 |     1 |       |       |       |       |       ||     4
         Volatile Blastmot |       |       |     2 |     3 |       |       |       |       |       ||     5
         Airstrike         |       |       |   101 |   150 |   426 |   204 |   325 |    75 |   134 ||  1415
         Swiftness         |       |       |     1 |     4 |     1 |     1 |       |     1 |     1 ||     9
         Fulminant Prism   |       |       |     3 |    80 |    62 |     2 |       |     6 |     1 ||   154
         Static Discharge  |       |       |       |     6 |       |       |       |       |       ||     6
         Freezing Cloud    |       |       |       |    25 |    48 |    30 |    12 |     5 |       ||   120
         Irradiate         |       |       |       |       |    27 |    14 |    16 |    31 |    20 ||   108
         Iron Shot         |       |       |       |       |    73 |   124 |   144 |   202 |   230 ||   773
         Plasma Beam       |       |       |       |       |       |   188 |   177 |   142 |   177 ||   684
         Summon Hydra      |       |       |       |       |       |       |    10 |    41 |     5 ||    56
         Ozocubu's Refrige |       |       |       |       |       |       |     6 |   129 |    86 ||   221
         Orb of Destructio |       |       |       |       |       |       |       |    43 |   197 ||   240
         Chain Lightning   |       |       |       |       |       |       |       |       |   380 ||   380
         Dragon's Call     |       |       |       |       |       |       |       |       |    15 ||    15
 Invoke: Shadow Step       |       |       |       |       |       |       |       |       |     1 ||     1
  Evoke: Wand              |       |       |     1 |       |       |     1 |     1 |       |     5 ||     8
    Use: Scroll            |       |       |    10 |    11 |     4 |     3 |     2 |     1 |    12 ||    43
         Potion            |       |       |       |       |     7 |     2 |       |       |     5 ||    14
 Armour: Robe              |     2 |     2 |     7 |       |       |       |       |       |       ||    11
         Acid dragon scale |       |       |       |     6 |     5 |       |       |       |       ||    11
         Animal skin       |       |       |       |       |     6 |       |       |       |       ||     6
         Troll leather arm |       |       |       |       |       |    14 |    17 |    21 |    30 ||    82
  Dodge: Dodged            |     6 |    10 |    59 |    39 |    54 |    55 |    58 |    81 |   122 ||   484
  Block: Buckler           |       |       |       |    22 |    27 |    37 |    39 |       |       ||   125
         Kite shield       |       |       |       |       |       |       |     3 |    67 |    88 ||   158
         Reflection        |       |       |       |       |       |       |     2 |    12 |    16 ||    30

Table legend: (Time is in decaauts)
 A = Elapsed time spent in this place.
 B = Non-inter-level travel time spent in this place.
 C = Inter-level travel time spent in this place.
 D = Time resting spent in this place.
 E = Time spent auto-exploring this place.
 F = Levels seen in this place.
 G = Mean time per level.
                   A        B        C        D        E       F      G
               +--------+--------+--------+--------+--------+-----+--------+
         Total |  78680 |  66263 |  12417 |  13877 |  25968 |  62 | 1269.0 |
       Dungeon |  23026 |  18276 |   4750 |   4273 |   8416 |  15 | 1535.1 |
        Temple |    257 |    230 |     27 |      0 |    218 |   1 |  257.0 |
          Lair |   8348 |   6419 |   1929 |   1383 |   3153 |   5 | 1669.6 |
        Shoals |   5454 |   4842 |    612 |    916 |   2161 |   4 | 1363.5 |
     Snake Pit |   4653 |   4147 |    506 |    604 |   2020 |   4 | 1163.2 |
    Slime Pits |   1083 |   1034 |     49 |    277 |    148 |   5 |  216.6 |
  Orcish Mines |   2616 |   2001 |    615 |    330 |    658 |   2 | 1308.0 |
   Elven Halls |   3908 |   3323 |    585 |    566 |   1120 |   3 | 1302.7 |
        Vaults |   8108 |   7135 |    973 |   1061 |   2885 |   5 | 1621.6 |
         Crypt |   3449 |   3172 |    277 |    452 |    759 |   3 | 1149.7 |
        Depths |   6272 |   5210 |   1062 |    989 |   1236 |   4 | 1568.0 |
           Zot |   7792 |   6764 |   1028 |   1311 |   2865 |   5 | 1558.4 |
        Bazaar |     71 |     71 |      0 |      0 |     52 |   2 |   35.5 |
       Ossuary |   1121 |   1121 |      0 |    467 |     29 |   1 | 1121.0 |
      Ice Cave |   1917 |   1917 |      0 |   1016 |    193 |   1 | 1917.0 |
        Wizlab |     50 |     50 |      0 |      0 |      0 |   1 |   50.0 |
      Gauntlet |    546 |    546 |      0 |    232 |     55 |   1 |  546.0 |
               +--------+--------+--------+--------+--------+-----+--------+

Top non-repeatable levels by time:
    D:11: 3775 daAuts
   Zot:4: 2851 daAuts
    D:10: 2288 daAuts
Depths:4: 2157 daAuts
  Lair:5: 2125 daAuts
     D:8: 2022 daAuts
Depths:1: 1968 daAuts
Shoals:4: 1937 daAuts
   IceCv: 1917 daAuts
   Elf:3: 1913 daAuts
Vaults:1: 1875 daAuts
     D:6: 1835 daAuts
     D:7: 1821 daAuts
   Orc:2: 1772 daAuts
  Lair:1: 1726 daAuts
